 Dungeon Sprint DCSS version 0.15-a0-411-g153a95e (webtiles) character file.

5708 BluebellGnoll the Deadly Accurate (level 10, 0/178 HPs)
             Began as an Ogre Hunter on May 4, 2014.
             Was a Priest of Okawaru.
             Slain by a spriggan defender
             ... wielding a +5,+2 demon whip of flaming
              (18 damage)
             ... in the Dungeon (Sprint IV: "Fedhas' Mad Dash").
             The game lasted 00:17:16 (2049 turns).

BluebellGnoll the Deadly Accurate (Ogre Hunter)     Turns: 2049, Time: 00:17:17

HP   0/178       AC  8     Str 27      XL: 10   Next: 73%
MP  10/10        EV 15     Int 10      God: Okawaru [***...]
Gold 113         SH  0     Dex 10      Spells:  1 memorised,  5 levels left

rFire  . . .     SeeInvis .     m - +2,+1 mace (protect)
rCold  . . .     Clarity  .     r - +0 animal skin
rNeg   . . .     Conserve .     (shield restricted)
rPois  .         rCorr    .     (helmet restricted)
rElec  .         rRot     .     (no cloak)
SustAb . .       Spirit   .     (gloves unavailable)
rMut   .         Warding  .     (boots unavailable)
Saprov + . .     NoTele   +     (no amulet)
MR     +....                    e - ring of wizardry
                                n - ring of invisibility

@: berserking, very quick, somewhat resistant to hostile enchantments, extremely
unstealthy
A: unfitting armour, fast metabolism 1, saprovore 1, tough skin 1
a: Heroism, Renounce Religion, Evoke Invisibility


You were in the Dungeon.
You worshipped Okawaru.
Okawaru was most pleased with you.
You were not hungry.

You visited 1 branch You collected 240 gold pieces.
You spent 127 gold pieces at shops.

Inventory:

Hand weapons
 a - a +1,+1 club
 h - a cursed -3,-2 flail
 m - a +2,+1 mace of protection (weapon)
Missiles
 o - 7 darts of flame (quivered)
Armour
 d - a -2 animal skin
 r - a +0 animal skin (worn)
Magical devices
 b - a wand of enslavement (10) {unknown}
Comestibles
 f - a meat ration
 p - 2 honeycombs
Scrolls
 k - a scroll of blinking
Jewellery
 e - a ring of wizardry (right hand)
 n - a ring of invisibility (left hand)
Potions
 g - a potion of curing
 i - 2 potions of magic
Books
 l - a book of Power

   Spells                             Type                      Level
   Fulminant Prism                    Conjuration/Hexes            4
   *Iskenderun's Mystic Blast         Conjuration                  4
   Venom Bolt                         Conjuration/Poison           5
   Bolt of Magma                      Conjuration/Fire/Earth       5
   Iron Shot                          Conjuration/Earth            6
   Orb of Destruction                 Conjuration                  7


   Skills:
 - Level 13.0 Fighting
 - Level 9.6 Maces & Flails
 - Level 15.5 Throwing
 + Level 13.4 Dodging
 - Level 0.7 Stealth
 - Level 5.7 Conjurations


You had 5 spell levels left.
You knew the following spells:

 Your Spells              Type           Power        Failure   Level  Hunger
a - Iskenderun's Mystic   Conj           ##......     16%         4    #####..


Dungeon Overview and Level Annotations

Branches:
Dungeon (1/1)

Altars:
Cheibriados
Dithmenos
Elyvilon
Kikubaaqudgha
Makhleb
Nemelex Xobeh
Okawaru
Sif Muna
Trog
Vehumet
Xom
Yredelemnul
Zin
The Shining One
Beogh
Jiyva
Lugonu

Shops:
D ((}[((

Annotations:
D exclusion: 3 oklob plants


Innate Abilities, Weirdness & Mutations

You are too large for most types of armour.
You have a fast metabolism.
You can tolerate rotten meat.
You have tough skin (AC +1).


Message History

The spriggan defender blocks the dart of flame.
The spriggan defender hits you with a demon whip of flaming!
The spriggan defender burns you.
Throwing (i - inventory):
o - 8 darts of flame (quivered)
Press: ? - help, Shift-Dir - straight line, f/p - spriggan defender
Aim: a spriggan defender, wielding a demon whip of flaming, wearing a robe and wearing a buckler (heavily wounded)
You throw a dart of flame.
The dart of flame misses the spriggan defender.
The spriggan defender hits you with a demon whip of flaming!
* * * LOW HITPOINT WARNING * * *
The spriggan defender burns you!
* * * LOW HITPOINT WARNING * * *
Drink which item? (? for menu, Esc to quit)
A red film seems to cover your vision as you go berserk!
You feel yourself moving faster!
You feel mighty!
The spriggan defender barely misses you.
The spriggan defender blocks your attack.
The spriggan defender is heavily wounded.
The spriggan defender hits you with a demon whip of flaming!
You die...

#################..P.()
♣♣♣♣..♣.###.'..+.....)$
....♣).♣##..#..#.P....P
.♣♣♣.♣..###.##%# .P.P.
♣..♣...♣'...#♣.♣######
#############.....####
#..♣..♣....# #
#...♣......♣...♣#
......♣..@i(∩.∩(.(
#################


You could see a spriggan defender.

Vanquished Creatures
  Agnes (D)
  A spriggan berserker (D)
  A spriggan druid (D)
  3 oklob plants (D)
  3 burning bushes (D)
  3 wandering mushrooms (D)
  A queen bee (D)
  2 scorpions (D)
  4 killer bees (D)
  A worker ant (D)
  5 oklob saplings (D)
  2 spriggans (D)
  A green rat (D)
  A rat (D)
  2 ballistomycetes (D)
31 creatures vanquished.

Vanquished Creatures (others)
  A giant spore (D)
1 creature vanquished.

Grand Total: 32 creatures vanquished

Notes
Turn   | Place    | Note
--------------------------------------------------------------
     0 | D        | BluebellGnoll, the Ogre Hunter, began the quest for the Orb.
     0 | D        | Reached XP level 1. HP: 22/22 MP: 1/1
     7 | D        | Reached XP level 2. HP: 27/33 MP: 2/2
    21 | D        | Noticed an oklob sapling
    22 | D        | Killed an oklob sapling
    22 | D        | Reached skill level 6 in Fighting
    22 | D        | Reached XP level 3. HP: 34/44 MP: 3/3
    27 | D        | Noticed a worker ant
    29 | D        | Killed a worker ant
    29 | D        | Reached skill level 7 in Fighting
    29 | D        | Reached XP level 4. HP: 41/55 MP: 4/4
    42 | D        | Found a snail-covered altar of Cheibriados.
    42 | D        | Found a glowing silver altar of Zin.
    42 | D        | Found a white marble altar of Elyvilon.
    42 | D        | Found a viscous altar of Jiyva.
    42 | D        | Found a radiant altar of Vehumet.
    42 | D        | Found a deep blue altar of Sif Muna.
    42 | D        | Found an ancient bone altar of Kikubaaqudgha.
    42 | D        | Found a bloodstained altar of Trog.
    42 | D        | Found a corrupted altar of Lugonu.
    42 | D        | Noticed an oklob sapling priest
    43 | D        | Found a glowing golden altar of the Shining One.
    44 | D        | Found a burning altar of Makhleb.
    44 | D        | Found a sparkling altar of Nemelex Xobeh.
    45 | D        | Found a shimmering altar of Xom.
    45 | D        | Found an iron altar of Okawaru.
    46 | D        | Found a shadowy altar of Dithmenos.
    47 | D        | Killed an oklob sapling priest
    47 | D        | Reached skill level 8 in Fighting
    47 | D        | Reached skill level 9 in Maces & Flails
    47 | D        | Reached XP level 5. HP: 50/66 MP: 2/5
    48 | D        | Found a roughly hewn altar of Beogh.
    48 | D        | Found a basalt altar of Yredelemnul.
    56 | D        | Became a worshipper of Warmaster Okawaru
    68 | D        | Noticed an oklob sapling
    69 | D        | Killed an oklob sapling
   179 | D        | Noticed a queen bee
   180 | D        | Noticed a killer bee
   181 | D        | Noticed a killer bee
   183 | D        | Noticed a killer bee
   183 | D        | Noticed a killer bee
   188 | D        | Killed a killer bee
   194 | D        | Killed a queen bee
   194 | D        | Reached XP level 6. HP: 60/75 MP: 4/6
   195 | D        | Killed a killer bee
   212 | D        | Killed a killer bee
   212 | D        | Acquired Okawaru's first power
   219 | D        | Killed a killer bee
   241 | D        | Noticed an oklob plant
   244 | D        | Killed an oklob plant
   244 | D        | Reached skill level 12 in Dodging
   244 | D        | Reached XP level 7. HP: 40/83 MP: 7/7
   396 | D        | Noticed a burning bush
   418 | D        | HP: 1/83 [burning bush/puff of flame (11)]
   431 | D        | Killed a burning bush
   431 | D        | Reached XP level 8. HP: 13/92 MP: 8/8
   749 | D        | Noticed an oklob sapling wizard
   753 | D        | Killed an oklob sapling wizard
   986 | D        | Noticed a scorpion
   990 | D        | Killed a scorpion
  1007 | D        | Found Muil Nanlimp's Antique Weapon Shop.
  1007 | D        | Found Bocuiwo's Weapon Emporium.
  1013 | D        | Bought 3 large rocks for 25 gold pieces
  1016 | D        | Noticed a burning bush
  1016 | D        | Noticed a wandering mushroom
  1021 | D        | Killed a burning bush
  1021 | D        | Reached skill level 10 in Throwing
  1022 | D        | Noticed a scorpion
  1035 | D        | Killed a scorpion
  1047 | D        | Noticed a wandering mushroom
  1054 | D        | Killed a wandering mushroom
  1054 | D        | Reached XP level 9. HP: 92/98 MP: 9/9
  1060 | D        | Killed a wandering mushroom
  1071 | D        | Found Fruip's Weapon Emporium.
  1071 | D        | Found Ghea's Antique Weapon Shoppe.
  1080 | D        | Bought a glowing mace for 81 gold pieces
  1092 | D        | Bought 9 darts of flame for 21 gold pieces
  1125 | D        | Noticed a wandering mushroom
  1125 | D        | Noticed a burning bush
  1125 | D        | Noticed an oklob plant
  1128 | D        | Killed a burning bush
  1128 | D        | Reached skill level 13 in Throwing
  1134 | D        | Killed an oklob plant
  1137 | D        | Noticed an oklob sapling
  1141 | D        | Killed an oklob sapling
  1141 | D        | Reached skill level 14 in Throwing
  1150 | D        | Killed a wandering mushroom
  1163 | D        | Noticed a spriggan druid
  1168 | D        | Killed a spriggan druid
  1168 | D        | Reached skill level 15 in Throwing
  1168 | D        | Reached XP level 10. HP: 34/107 MP: 10/10
  1433 | D        | Noticed an oklob plant conjurer
  1434 | D        | Killed an oklob plant conjurer
  1446 | D        | Learned a level 4 spell: Iskenderun's Mystic Blast
  1602 | D        | Noticed an oklob plant
  1602 | D        | Noticed an oklob plant shifter
  1602 | D        | Noticed an oklob plant summoner
  1605 | D        | Noticed Agnes
  1612 | D        | Killed Agnes
  1620 | D        | Found Kuakam's Gadget Emporium.
  1620 | D        | Noticed a spriggan berserker
  1641 | D        | Noticed an elephant
  1653 | D        | Killed a spriggan berserker
  1653 | D        | Reached skill level 5 in Conjurations
  2032 | D        | Found Fecvagid's Antique Armour Shoppe.
  2037 | D        | Noticed a spriggan defender
  2049 | D        | Slain by a spriggan defender

Action                   |  1- 3 |  4- 6 |  7- 9 | 10-12 || total
-------------------------+-------+-------+-------+-------++-------
Melee: Club              |       |    21 |    27 |    26 ||    74
       Mace              |       |       |       |     1 ||     1
Throw: Large rock        |     7 |    10 |    40 |    17 ||    74
       Throwing net      |       |     2 |     1 |     2 ||     5
       Dart              |       |       |       |     2 ||     2
Invok: Heroism           |       |       |     1 |     1 ||     2
 Abil: Evoke Invisibilit |       |     2 |     1 |       ||     3
  Use: Potion            |       |     1 |     1 |     2 ||     4
       Scroll            |       |       |     1 |       ||     1
 Stab: Invisible         |       |     2 |       |       ||     2
       Sleeping          |       |     2 |       |       ||     2
       Held in net/web   |       |     4 |       |       ||     4
